 Dungeon Crawl Stone Soup version 0.27.0-1-g7a089689b8 (webtiles) character file.

Game seed: 18428709180831193763

21 GordonOverkill the Grave Robber (level 2, 0/12 HPs)
             Began as a Felid Necromancer on Aug 3, 2021.
             Slain by an adder (5 damage)
             ... on level 2 of the Dungeon.
             The game lasted 00:02:10 (2468 turns).

GordonOverkill the Grave Robber (Felid Necromancer) Turns: 2468, Time: 00:02:11

Health: 0/12       AC:  1    Str:  4    XL:     2   Next: 62%
Magic:  1/6        EV: 17    Int: 16    God:
Gold:   66         SH:  0    Dex: 16    Spells: 5/6 levels left
                                        Lives:  0   Deaths: 0

rFire    . . .     SeeInvis +   (weapon unavailable)
rCold    . . .     Faith    .   (shield unavailable)
rNeg     . . .     Spirit   .   (armour unavailable)
rPois    .         Reflect  .   (helmet unavailable)
rElec    .         Harm     .   (cloak unavailable)
rCorr    .         Rampage  .   (gloves unavailable)
Will     .....                  (boots unavailable)
Stlth    ++........             (no amulet)
HPRegen  0.04/turn              (no ring)
MPRegen  0.10/turn              (no ring)

@: quick
A: very small, claws 1, fangs 3, see invisible, speed 1, shaggy fur 1, stealthy
paws, no weapons or thrown items, no armour, multi-lived
a: no special abilities


You were on level 2 of the Dungeon.
You visited 1 branch of the dungeon, and saw 2 of its levels.

You collected 66 gold pieces.

Inventory:

Scrolls
 d - a scroll of amnesia {unknown}
 f - a scroll of holy word {unknown}
 g - a scroll of fog {unknown}
Potions
 a - a potion of degeneration {unknown}
 b - a potion of curing {unknown}
 c - a potion of ambrosia {unknown}
 e - a potion of mutation {unknown}


   Skills:
 + Level 1.5 Fighting
 - Level 2.6 Dodging
 - Level 2.6 Stealth
 + Level 2.5 Spellcasting
 - Level 4.0 Necromancy


You had 5 spell levels left.
You knew the following spells:

 Your Spells              Type           Power      Damage    Failure   Level
a - Pain                  Necr           56%        1d6       3%          1

Your spell library contained the following spells:

 Spells                   Type           Power      Damage    Failure   Level
 Animate Skeleton         Necr           28%        N/A       3%          1
 Vampiric Draining        Necr           7%         2d7       12%         3
 Animate Dead             Necr           7%         N/A       36%         4
 Agony                    Necr           14%        N/A       71%         5


Dungeon Overview and Level Annotations

Branches:
Dungeon (2/15)

Altars:


Innate Abilities, Weirdness & Mutations

You have sharp claws.
You have razor-sharp teeth.
You have supernaturally acute eyesight. (SInv)
You cover ground quickly. (Speed+)
You are covered in fur. (AC +1)
Your paws help you pounce on unaware monsters.
You are incapable of wielding weapons or throwing items.
You cannot wear armour.
You gain extra lives every three experience levels.


Message History

A bat comes into view.
An adder comes into view.
The adder hisses angrily.
You pounce on the unaware helpless worm!
You scratch the worm.
The worm is lightly wounded.
There is a stone staircase leading up here.
Casting: Pain (safe; 3% risk of failure)
Confirm with . or Enter, or press ? or * to list all spells.
Aiming: Pain (safe; 3% risk of failure)
Press: ? - help, Shift-Dir - straight line, f - bat
Aim: a bat (chance to affect: 85%)
The bat barely resists.
The bat completely misses you.
Casting: Pain (safe; 3% risk of failure)
Confirm with . or Enter, or press ? or * to list all spells.
Aiming: Pain (safe; 3% risk of failure)
Press: ? - help, Shift-Dir - straight line, f/p - bat
Aim: a bat (chance to affect: 85%)
The bat writhes in agony.
You kill the bat!
Casting: Pain (safe; 3% risk of failure)
Confirm with . or Enter, or press ? or * to list all spells.
Aiming: Pain (safe; 3% risk of failure)
Press: ? - help, Shift-Dir - straight line, f - adder
Aim: an adder (chance to affect: 79%)
The adder barely resists.
The adder misses you.
Casting: Pain (safe; 3% risk of failure)
Confirm with . or Enter, or press ? or * to list all spells.
Aiming: Pain (safe; 3% risk of failure)
Press: ? - help, Shift-Dir - straight line, f/p - adder
Aim: an adder (chance to affect: 79%)
The adder writhes in agony.
The adder bites you.
* * * LOW HITPOINT WARNING * * *
Casting: Pain (safe; 3% risk of failure)
Confirm with . or Enter, or press ? or * to list all spells.
Aiming: Pain (safe; 3% risk of failure)
Press: ? - help, Shift-Dir - straight line, f/p - adder
Aim: an adder (heavily wounded, chance to affect: 79%)
The adder writhes in agony.
The adder barely misses you. The adder bites you.
You die...

#........##########
#......
#...............#
###'###
#...............# #.#
#...............# #.#
######...w......# #.#
########........[.# #.#
.......'..........+ .
#.#
########......S...#....
#.# #.......@.......
#.# #.##########....
#.# ... #.# .. #.# #.#
...


You could see a worm and an adder.

Vanquished Creatures
  2 ball pythons (D:2)
  An endoplasm (D:1)
  2 giant cockroaches (D:1)
  A goblin (D:2)
  A hobgoblin (D:1)
  2 jackals (D:1)
  A quokka (D:1)
  3 bats
  A frilled lizard (D:2)
  2 kobolds (D:1)
  4 rats
20 creatures vanquished.

Notes
Turn   | Place    | Note
-------+----------+-------------------------------------------
     0 | D:1      | GordonOverkill the Felid Necromancer began the quest for
                  | the Orb.
     0 | D:1      | Reached XP level 1. HP: 7/7 MP: 4/4
   579 | D:1      | Reached skill level 1 in Fighting
   874 | D:1      | Reached XP level 2. HP: 10/12 MP: 4/6
  2468 | D:2      | Slain by an adder

Illustrated notes

Levels and vault maps discovered:
D:1:      minmay_arrival_split_and_join, layout_basic
D:2:      minmay_recursive_quarters, layout_basic,
          shapermc_ecumenical_altar_notcrosses

Skill      XL: |  1 |
---------------+----+-----
Fighting       | 1 |  1.5
Dodging        | |  2.6
Stealth        | |  2.6
Spellcasting   | |  2.5
Necromancy     | |  4.0

Action                   || total
-------------------------++-------
Melee: Unarmed           ||     3
 Cast: Pain              ||    50
 Stab: Sleeping          ||     3
Dodge: Dodged            ||     7
